 Dungeon Crawl Stone Soup version 0.32-a0-675-gdc239d62e1 (webtiles) character file.

Game seed: 13785406345791841987

2655 zenocrate the Sneak (level 9, -5/90 HPs)
             Began as an Octopode Earth Elementalist on Mar 12, 2024.
             Was an Initiate of Gozag.
             Slain by an orc
             ... wielding a +0 whip
              (6 damage)
             ... on level 7 of the Dungeon.
             The game lasted 00:07:39 (5370 turns).

zenocrate the Sneak (Octopode Earth Elementalist)   Turns: 5370, Time: 00:07:40

Health: -5/90      AC:  1    Str:  8    XL:     9   Next: 62%
Magic:  4/16       EV: 19    Int: 21    God:    Gozag
Gold:   34         SH:  0    Dex: 12    Spells: 10/17 levels left

rFire   + . .        a - staff of earth
rCold   . . .        (no shield)
rNeg    . . .        (helmet restricted)
rPois   .            (no amulet)
rElec   .            c - ring of protection from fire
rCorr   .            d - +5 ring of evasion
SInv    .            n - ring of willpower
Will    +....        v - +4 ring of slaying Stlth
                     (no ring)
HPRegen 0.35/turn    (no ring)
MPRegen 0.15/turn    (no ring)
                     (no ring)

%: no passive effects
@: berserking (expiring), marked, gold aura, very quick
A: almost no armour, amphibious, 8 rings, camouflage 1, gelatinous body 1,
(nimble swimmer 1), tentacles
a: Renounce Religion, Potion Petition, Call Merchant, Bribe Branch


You were on level 7 of the Dungeon.
You worshipped Gozag.
Gozag was noncommittal.
You visited 2 branches of the dungeon, and saw 8 of its levels.

You collected 420 gold pieces.
You spent 338 gold pieces at shops.
You paid 48 gold pieces to Gozag.

Inventory:

Hand Weapons
 y - a +2 whip of electrocution
Magical Staves
 a - a staff of earth (weapon)
 q - a staff of cold
Jewellery
 c - a ring of protection from fire (left tentacle)
 d - a +5 ring of evasion (right tentacle)
 n - a ring of willpower (on tentacle)
 v - a +4 ring of slaying (on tentacle)
Wands
 o - a wand of warping (9)
 s - a wand of flame (42)
 x - a wand of polymorph (11)
Scrolls
 e - a scroll of fog {unknown}
 i - 2 scrolls of amnesia {unknown}
 j - a scroll of teleportation {unknown}
 l - 2 scrolls of revelation {unknown}
 p - 2 scrolls of silence {unknown}
 r - a scroll of immolation {unknown}
 t - 2 scrolls of poison {unknown}
 u - a scroll of blinking {unknown}
Potions
 b - 2 potions of magic
 f - 2 potions of ambrosia
 g - a potion of invisibility
 h - 2 potions of curing
 k - a potion of brilliance {unknown}
 m - a potion of attraction {unknown}
 w - 3 potions of enlightenment
 z - a potion of heal wounds
 A - a potion of lignification


   Skills:
 + Level 4.8 Fighting
 + Level 5.3 Dodging
 - Level 6.0 Stealth
 + Level 2.5 Unarmed Combat
 + Level 4.7 Spellcasting
 + Level 4.8 Conjurations
 + Level 5.7 Earth Magic
 + Level 4.6 Evocations


You had 10 spell levels left.
You knew the following spells:

 Your Spells              Type           Power      Damage    Failure   Level
a - Stone Arrow           Conj/Erth      80%        3d12      3%          3
b - Sandblast             Erth           86%        2d18      1%          1
z - Passwall              Erth           43%        N/A       3%          3

Your spell library contained the following spells:

 Spells                   Type           Power      Damage    Failure   Level
 Brom's Barrelling Bould  Conj/Erth      40%        2d6       13%         4
 Petrify                  Alch/Erth      25%        N/A       34%         4
 Borgnjor's Vile Clutch   Necr/Erth      12%        N/A       67%         5
 Death Channel            Necr           2%         N/A       100%        6
 Animate Dead             Necr           Unusable   N/A       N/A         4

Dungeon Overview and Level Annotations

Branches:
Dungeon (7/15)             Temple (1/1) D:5

Altars:
Ashenzari
Cheibriados
Dithmenos
Elyvilon
Fedhas
Gozag
Hepliaklqana
Kikubaaqudgha
Makhleb
Nemelex Xobeh
Okawaru
Qazlal
Trog
Uskayaw
Vehumet
Wu Jian
Xom
Yredelemnul
Zin
The Shining One

Shops:
D:5 =!([

Annotations:
D:4 2 transporters, osoart's ghost, amateur CoGl


Innate Abilities, Weirdness & Mutations

You cannot wear most types of armour.
You are amphibious.
You can wear up to eight rings at the same time.
Your skin changes colour to match your surroundings (Stealth+).
Your rubbery body absorbs attacks. (AC +1, EV +1)
((You are camouflaged when in or above water. (Stealth+)))
You have tentacles for arms and can constrict up to eight enemies at once.


Message History

The ground beneath the ice beast fractures.
The ice beast is severely wounded.
The hound misses you. The ice beast completely misses you.
The hound completely misses you.
A water moccasin comes into view.
Unknown command.
You barely miss the ice beast. Your squeeze misses the ice beast.
The ice beast is severely wounded.
The ice beast hits you. The ice beast freezes you!
* * * LOW HITPOINT WARNING * * *
The hound bites you.
* * * LOW HITPOINT WARNING * * *
A howler monkey comes into view.
You hit the ice beast.
The ground beneath the ice beast fractures.
You kill the ice beast!
The hound stops to sniff the ground.
The hound bites you.
* * * LOW HITPOINT WARNING * * *
The water moccasin is distracted by your dazzling golden aura.
You closely miss the wight.
The wight is no longer distracted by gold.
The water moccasin hisses angrily.
Your grab misses the wight. You squeeze the wight!
The wight is severely damaged.
A hound comes into view.
The hound bites you.
* * * LOW HITPOINT WARNING * * *
The wight hits you with a +3 scimitar!
* * * LOW HITPOINT WARNING * * *
The orc hits you but does no damage.
The sky beast flickers out of sight!
Deactivating autopickup; reactivate with Ctrl-A.
Unknown command.
You hit the wight.
You destroy the wight!
The hound completely misses you.
An ufetubus comes into view.
The hound completely misses you. The orc hits you with a +0 whip.
You die...
Your body crumbles into a pile of gold.

######....>......
#............## #
#.####.<#.....#.#
######.###.###..
..........5......
#####...hS#####.
#...h.#####
#...oh$...#
###....@....#
.......)....#
.......)....#
.......$....#
............#
....).......#
###.........#
#.........#
###########


You could see a water moccasin, a howler monkey, 2 hounds, an ufetubus and an
orc.

Vanquished Creatures
  Maggie (D:6)
  A kobold demonologist (D:5)
  Sigmund (D:6)
  A steam dragon (D:6)
  Edmund (D:6)
  2 ice beasts
  2 water moccasins
  A black bear (D:6)
  2 ogres
  An orc warrior (D:6)
  A kobold brigand (D:5)
  A bullfrog (D:7)
  A scorpion (D:5)
  4 wights (D:7)
  A hound (D:6)
  4 jellies
  5 orc priests
  A gnoll bouda (D:6)
  Terence (D:3)
  An iguana (D:5)
  Natasha (thrice) (D:4)
  3 gnolls (D:6)
  5 adders
  A white imp (D:6)
  A ribbon worm (D:2)
  A dart slug (D:1)
  15 orcs
  2 bats (D:2)
  4 endoplasms
  3 giant cockroaches
  10 goblins
  7 hobgoblins
  3 jackals (D:1)
  A quokka (D:1)
  6 ball pythons
  A frilled lizard (D:3)
  8 kobolds
  4 rats
111 creatures vanquished.

Notes
Turn   | Place    | Note
-------+----------+-------------------------------------------
     0 | D:1      | zenocrate the Octopode Earth Elementalist began the quest
                  | for the Orb.
     0 | D:1      | Reached XP level 1. HP: 11/11 MP: 3/3
    54 | D:1      | Reached XP level 2. HP: 15/18 MP: 5/5
   661 | D:1      | Found a faded altar of an unknown god.
   768 | D:1      | Reached XP level 3. HP: 20/22 MP: 6/6
   772 | D:1      | Learned a level 3 spell: Stone Arrow
  1035 | D:2      | Reached skill level 1 in Fighting
  1288 | D:2      | Reached skill level 3 in Stealth
  1358 | D:2      | Reached XP level 4. HP: 28/28 MP: 7/7
  1636 | D:3      | Noticed Terence
  1641 | D:3      | Killed Terence
  1673 | D:3      | Found a radiant altar of Vehumet.
  2113 | D:3      | Learned a level 3 spell: Passwall
  2320 | D:4      | Noticed Natasha
  2329 | D:4      | Killed Natasha
  2330 | D:4      | Reached XP level 5. HP: 32/33 MP: 4/8
  2368 | D:4      | Found a transporter.
  2370 | D:4      | Noticed Natasha
  2378 | D:4      | Killed Natasha
  2378 | D:4      | Noticed osoart's ghost (amateur CoGl)
  2452 | D:4      | Found a transporter.
  2562 | D:4      | Noticed an ogre
  2574 | D:4      | Killed an ogre
  2575 | D:4      | Reached skill level 4 in Stealth
  2575 | D:4      | Reached skill level 1 in Evocations
  2575 | D:4      | Reached XP level 6. HP: 37/39 MP: 4/10
  2708 | D:4      | Noticed Natasha
  2722 | D:4      | Killed Natasha
  3165 | D:5      | Entered Level 5 of the Dungeon
  3165 | D:5      | Found Icsius's Distillery.
  3175 | D:5      | Reached XP level 7. HP: 33/45 MP: 11/11
  3246 | D:5      | Found Icvit's Jewellery Shoppe.
  3332 | D:5      | Found a bloodstained altar of Trog.
  3355 | D:5      | Found Igupt's Weapon Shoppe.
  3362 | D:5      | Noticed a kobold demonologist
  3378 | D:5      | Noticed a hellwing
  3382 | D:5      | Killed a kobold demonologist
  3383 | D:5      | Reached skill level 5 in Stealth
  3500 | D:5      | Found Oxevapef's Armour Emporium.
  3532 | D:5      | Found a staircase to the Ecumenical Temple.
  3558 | D:5      | Reached XP level 8. HP: 44/52 MP: 0/13
  3575 | Temple   | Entered the Ecumenical Temple
  3582 | Temple   | Became a worshipper of Gozag Ym Sagoz the Greedy
  3811 | D:5      | Found a basalt altar of Yredelemnul.
  4490 | D:6      | Reached skill level 6 in Stealth
  4699 | D:6      | Reached skill level 5 in Earth Magic
  4770 | D:6      | Noticed Sigmund
  4773 | D:6      | Noticed Edmund
  4776 | D:6      | Killed Sigmund
  4777 | D:6      | Reached skill level 1 in Unarmed Combat
  4777 | D:6      | Reached XP level 9. HP: 52/58 MP: 5/15
  4784 | D:6      | Killed Edmund
  4975 | D:6      | Found a glowing silver altar of Zin.
  5024 | D:6      | Found an ancient bone altar of Kikubaaqudgha.
  5076 | D:5      | Bought a potion of heal wounds for 65 gold pieces
  5076 | D:5      | Bought a potion of lignification for 39 gold pieces
  5076 | D:5      | Bought a potion of berserk rage for 65 gold pieces
  5076 | D:5      | Bought a potion of ambrosia for 104 gold pieces
  5076 | D:5      | Bought a potion of enlightenment for 65 gold pieces
  5166 | D:6      | Noticed Maggie
  5174 | D:6      | Killed Maggie
  5175 | D:6      | Reached skill level 5 in Dodging
  5369 | D:7      | HP: 1/90 [wight/+3 scimitar (7)]
  5370 | D:7      | Slain by an orc

Illustrated notes

Levels and vault maps discovered:
D:1:      wander_arrival_peaceful_grave, layout_loops_ring,
          hellmonk_ecumenical_altar_leap_of_faith,
          corexii_item_surrounded_by_moat, chequers_mini_garden,
          roderic_lattice_a, amcnicky_mini_pool_small
D:2:      layout_loops_ring
D:3:      layout_loops_cross, vehumet_crystals, uniq_terence
D:4:      layout_gridville, gammafunk_ghost_arena, uniq_natasha
D:5:      layout_basic, lemuel_doored_altar, general_overflow_altar,
          minmay_temple_entry_enclosed_plants, serial_shops,
          nicolae_shop_behind_doors, shop, nicolae_shop_hallway_stairs, shop
D:6:      layout_cave_pools, kiku_gazebo_garden_becter, zin_treasury,
          serial_glass, glass_columns_c, glass_columns_a, uniq_edmund,
          uniq_maggie, uniq_sigmund
D:7:      nzn_winding_woodlands_cross [nzn_winding_woodlands_5x15_garden,
          nzn_winding_woodlands_5x15_river_crossing,
          nzn_winding_woodlands_5x15_pool, nzn_winding_woodlands_5x15_pockets,
          nzn_winding_woodlands_15x15_boxy_spiral], layout_basic,
          chequers_serial_rivers_micro_a, minmay_ruined_shrine
Temple:   nicolae_temple_no_exploring_needed

Skill      XL: |  1  2  3  4  5  6  7  8  9 |
---------------+----------------------------+-----
Fighting       | 1 2 3 4 |  4.8
Stealth        | 3 4 5 6 |  6.0
Conjurations   | 2 3 4 |  4.8
Dodging        | 3 4 5 |  5.3
Evocations     | 1 2 3 4 |  4.6
Spellcasting   | 3 4 |  4.7
Earth Magic    | 4 5 |  5.7
Unarmed Combat | 1 2 |  2.5

Action                     |  1- 3 |  4- 6 |  7- 9 || total
---------------------------+-------+-------+-------++-------
  Melee: Unarmed           |    11 |       |       ||    11
         Constrict         |    14 |    19 |    17 ||    50
         Tentacles         |    12 |    19 |    22 ||    53
         Dagger            |    49 |    55 |       ||   104
         Whip              |       |     9 |    57 ||    66
         Staff             |       |       |    14 ||    14
   Cast: Sandblast         |     6 |    18 |     1 ||    25
         Stone Arrow       |       |     1 |    40 ||    41
    Use: Scroll            |       |     3 |       ||     3
         Potion            |       |       |     2 ||     2
   Stab: Sleeping          |    11 |    10 |     1 ||    22
 Armour: Skin              |    23 |    18 |    43 ||    84
  Dodge: Dodged            |    34 |    37 |    81 ||   152

Table legend: (Time is in decaauts)
 A = Elapsed time spent in this place.
 B = Non-inter-level travel time spent in this place.
 C = Inter-level travel time spent in this place.
 D = Time resting spent in this place.
 E = Time spent auto-exploring this place.
 F = Levels seen in this place.
 G = Mean time per level.
                   A        B        C        D        E       F      G
               +--------+--------+--------+--------+--------+-----+--------+
         Total |   5362 |   5127 |    235 |      0 |   4301 |   8 |  670.2 |
       Dungeon |   5348 |   5125 |    223 |      0 |   4301 |   7 |  764.0 |
        Temple |     14 |      2 |     12 |      0 |      0 |   1 |   14.0 |
               +--------+--------+--------+--------+--------+-----+--------+

Top non-repeatable levels by time:
     D:5: 1080 daAuts
     D:6: 1076 daAuts
     D:1: 1009 daAuts
     D:4: 873 daAuts
     D:3: 648 daAuts
     D:2: 619 daAuts
     D:7: 39 daAuts
  Temple: 14 daAuts
